 Dungeon Crawl Stone Soup version 0.24-a0-459-g225fefd530 (webtiles) character file.

Game seed: 1099824840105215912

190 vurker the Skirmisher (level 5, -2/42 HPs)
             Began as a Mummy Fighter on June 28, 2019.
             Slain by Crazy Yiuf
             ... wielding a +4 quarterstaff of chaos
              (7 damage)
             ... while petrified by Crazy Yiuf
             ... on level 2 of the Dungeon.
             The game lasted 00:04:05 (2539 turns).

vurker the Skirmisher (Mummy Fighter)               Turns: 2539, Time: 00:04:05

Health: -2/42      AC:  9    Str: 21    XL:     5   Next: 41%
Magic:  5/5        EV:  2    Int:  9    God:
Gold:   116        SH:  0    Dex: 11    Spells: 4/4 levels left

rFire    x . .     SeeInvis .   a - +0 war axe
rCold    + . .     Gourm    .   c - +0 shield
rNeg     + + +     Faith    .   j - +0 chain mail
rPois    ∞         Spirit   .   g - +0 helmet (curse)
rElec    .         Reflect  .   (no cloak)
rCorr    .         Harm     .   (no gloves)
MR       .....                  (no boots)
Stlth    ..........             (no amulet)
HPRegen  0.14/turn              e - +2 ring of intelligence
MPRegen  0.09/turn              i - ring of poison resistance

@: petrified, hasted
A: no food or potions, fire vulnerability, cold resistance 1, negative energy
resistance 3, torment resistance, unbreathing
a: no special abilities


You were on level 2 of the Dungeon.
You were not hungry.

You visited 1 branch of the dungeon, and saw 2 of its levels.

You collected 116 gold pieces.

Inventory:

Hand Weapons
 a - a +0 war axe (weapon)
Armour
 c - a +0 shield (worn)
 g - a cursed +0 helmet (worn)
   (You took it off Robin on level 2 of the Dungeon)
 j - a +0 chain mail (worn)
   (You took it off an orc on level 2 of the Dungeon)
Jewellery
 e - a +2 ring of intelligence (left hand)
   (You found it on level 1 of the Dungeon)
 i - a ring of poison resistance (right hand)
   (You found it on level 2 of the Dungeon)
Scrolls
 d - a scroll of immolation {unknown}
 f - 2 scrolls of identify {unknown}
 h - a scroll of remove curse {unknown}


   Skills:
 + Level 4.2 Fighting
 * Level 4.0 Axes
 - Level 2.4 Armour
 - Level 2.4 Shields


You had 4 spell levels left.
You didn't know any spells.
Your spell library was empty.

Dungeon Overview and Level Annotations

Branches:
Dungeon (2/15)

Altars:

Annotations:
D:2 Crazy Yiuf


Innate Abilities, Weirdness & Mutations

You do not eat or drink.
Your flesh is vulnerable to fire.
You are immune to poison.
Your flesh is cold resistant. (rC+)
You are immune to negative energy. (rN+++)
You are immune to unholy pain and torment.
You can survive without breathing.


Message History

You see here a buckler.
There is a stone staircase leading up here.
There is an open door here.
There is a stone staircase leading up here.
You see here a buckler.
There is an open door here.
There is an open door here.
There is an open door here.
There is an open door here.
You see here a buckler.
There is a stone staircase leading up here.
You see here a fuming yellow potion.
Crazy Yiuf shouts!
You see here a mace.
Here: Crazy Yiuf, wielding a +4 quarterstaff of chaos and wearing a +0 cloak (fire blocked by a runed translucent door)
The floor.
Unknown command.
As you open the door, it creaks loudly!
You hit Crazy Yiuf but do no damage. Crazy Yiuf hits you but does no damage.
Crazy Yiuf screams, "Proton!"
You block Crazy Yiuf's attack.
You closely miss Crazy Yiuf.
Crazy Yiuf hits you with a +4 quarterstaff of chaos.
You closely miss Crazy Yiuf.
Crazy Yiuf says, "Crazy?
Crazy!?
PORCUPINE!"
You block Crazy Yiuf's attack.
You slash Crazy Yiuf! You block Crazy Yiuf's attack.
Your shield and chain mail prevent you from hitting Crazy Yiuf.
You block Crazy Yiuf's attack. x2
Your shield and chain mail prevent you from hitting Crazy Yiuf.
Crazy Yiuf hits you but does no damage.
Your chain mail prevents you from hitting Crazy Yiuf.
Crazy Yiuf hits you with a +4 quarterstaff of chaos.
You are slowing down.
You hit Crazy Yiuf.
Crazy Yiuf hits you with a +4 quarterstaff of chaos!
Crazy Yiuf yells, "Paint mobile Orb Guardian!"
Crazy Yiuf hits you with a +4 quarterstaff of chaos!
Crazy Yiuf freezes you.
You have turned to stone.
Crazy Yiuf hits you with a +4 quarterstaff of chaos.
You feel yourself speed up.
Crazy Yiuf hits you with a +4 quarterstaff of chaos.
* * * LOW HITPOINT WARNING * * *
You are electrocuted!!
* * * LOW HITPOINT WARNING * * *
Crazy Yiuf hits you with a +4 quarterstaff of chaos!
* * * LOW HITPOINT WARNING * * *
Crazy Yiuf cries, "Key!"
Crazy Yiuf hits you with a +4 quarterstaff of chaos!
You die...

#......####.........##
######## ##.......###
##.....## # #####
##...## # #)..#
#####'## #.).# #.# #.#
... #.# #.# #g#
#.###.##### ♣@♣♣
#.........# ♣♣.♣
#.......#.# ♣.♣♣
#..#...##.# ♣♣.♣
#..##.###.## ♣♣.♣♣
#..##[...... ♣♣...♣
#..##.###.## ♣....♣
##.....!..# #....#
####.#####
##....#######.≈##


You could see Crazy Yiuf.

Vanquished Creatures
  A jelly (D:2)
  An orc wizard (D:2)
  Robin (D:2)
  2 adders (D:2)
  9 oozes (D:2)
  A worm (D:2)
  A dart slug (D:2)
  4 orcs (D:2)
  3 giant cockroaches
  11 goblins
  5 hobgoblins
  2 ball pythons (D:1)
  4 bats (D:2)
  11 kobolds
  A rat (D:1)
57 creatures vanquished.

Vanquished Creatures (others)
  2 fungi (D:2)
  5 toadstools (D:2)
7 creatures vanquished.

Grand Total: 64 creatures vanquished

Notes
Turn   | Place    | Note
-------+----------+-------------------------------------------
     0 | D:1      | vurker the Mummy Fighter began the quest for the Orb.
     0 | D:1      | Reached XP level 1. HP: 18/18 MP: 1/1
   467 | D:1      | Reached XP level 2. HP: 24/24 MP: 2/2
   999 | D:2      | Found a runed translucent door.
  1000 | D:2      | Noticed Crazy Yiuf
  1017 | D:2      | Noticed Robin
  1041 | D:1      | Reached XP level 3. HP: 20/29 MP: 3/3
  1149 | D:2      | Killed Robin
  1426 | D:2      | Reached XP level 4. HP: 19/37 MP: 4/4
  1830 | D:2      | Reached XP level 5. HP: 42/42 MP: 5/5
  2539 | D:2      | Slain by Crazy Yiuf

Levels and vault maps discovered:
D:1:      lemuel_arrival_cross, layout_loops_ring
D:2:      cheibrodos_fertilizer, layout_loops_corners, serial_rivers,
          chequers_serial_rivers_small_b, chequers_serial_rivers_micro_b,
          chequers_serial_rivers_small_a, chequers_serial_rivers_small_3,
          chequers_serial_rivers_room_a, chequers_serial_rivers_micro_c,
          hangedman_decor_points, minmay_pentomino_z2, uniq_robin,
          uniq_crazy_yiuf_cottage

Skill      XL: |  1  2  3  4  5 |
---------------+----------------+-----
Axes           | 2 3 4 |  4.0
Fighting       | 4 |  4.2
Armour         | |  2.4
Shields        | |  2.4

Action                   |  1- 3 |  4- 6 || total
-------------------------+-------+-------++-------
Melee: War axe           |   109 |    74 ||   183
Armor: Scale mail        |    48 |    32 ||    80
       Chain mail        |       |     2 ||     2
Dodge: Dodged            |    42 |    23 ||    65
Block: Shield            |    48 |    48 ||    96

Table legend:
 A = Non-vault XP
 B = Vault XP
 C = Vault XP percentage of total XP
 D = Non-vault monster count
 E = Vault monster count
 F = Vault count percentage of total count
                 A         B        C        D         E       F
            +---------+---------+-------+---------+---------+-------
      Total |     113 |     159 |  58.5 |      26 |      31 |  54.4
            +---------+---------+-------+---------+---------+-------
        D:1 |      12 |       6 |  33.3 |       8 |       3 |  27.3
        D:2 |     101 |     153 |  60.2 |      18 |      28 |  60.9
            +---------+---------+-------+---------+---------+-------
